 Dungeon Crawl Stone Soup version 0.30-a0-632-g346586fe48 (webtiles) character file.

Game seed: 7788810770227585595

16952 mampy3000 the Severer (level 12, -7/110 HPs)
             Began as a Minotaur Berserker on Jan 13, 2023.
             Was an Elder of Trog.
             Succumbed to Sonja's poison
             ... on level 12 of the Dungeon.
             The game lasted 00:41:15 (11381 turns).

mampy3000 the Severer (Minotaur Berserker)         Turns: 11381, Time: 00:41:16

Health: -7/110     AC: 17    Str: 25    XL:     12   Next: 14%
Magic:  9/11       EV: 10    Int:  4    God:    Trog [****..]
Gold:   795        SH:  0    Dex: 12    Spells: 11/11 levels left

rFire   . . .      SeeInvis .    a - +2 hand axe (venom)
rCold   + . .      Faith    .    (no shield)
rNeg    . . .      Spirit   +    c - +1 chain mail
rPois   .          Reflect  .    (helmet restricted)
rElec   .          Harm     .    A - scarf {repulsion}
rCorr   +          Rampage  .    d - +2 pair of gloves
Will    .....                    (no boots) Stlth
                                 s - amulet of guardian spirit
HPRegen 0.38/turn                k - ring of protection from cold
MPRegen 0.12/turn                w - ring of resist corrosion

@: lethally poisoned (-7 -> -49), on berserk cooldown, slowed, repel missiles,
very slow
A: horns 2, retaliatory headbutt
a: Renounce Religion, Berserk, Trog's Hand, Brothers in Arms


You were on level 12 of the Dungeon.
You worshipped Trog.
Trog was greatly pleased with you.
You visited 1 branch of the dungeon, and saw 12 of its levels.

You collected 814 gold pieces.
You spent 19 gold pieces at shops.

Inventory:

Hand Weapons
 a - a +2 hand axe of venom (weapon)
 h - a +0 war axe
 B - a +2 battleaxe
Missiles
 r - 13 boomerangs
 x - 25 poisoned darts (quivered)
Armour
 c - a +1 chain mail (worn)
 d - a +2 pair of gloves (worn)
 A - a scarf of repulsion (worn)
Jewellery
 k - a ring of protection from cold (left hand)
 l - an amulet of faith
 s - an amulet of guardian spirit (around neck)
 v - an amulet of reflection
 w - a ring of resist corrosion (right hand)
Wands
 t - a wand of polymorph (4)
 H - a wand of roots (4)
 I - a wand of flame (5)
Scrolls
 j - 5 scrolls of teleportation
 m - a scroll of enchant weapon
 o - 4 scrolls of fog
 y - 2 scrolls of identify
 D - 2 scrolls of blinking
Potions
 b - 2 potions of might
 e - 2 potions of flight
 f - a potion of invisibility {unknown}
 g - 3 potions of lignification
 i - a potion of heal wounds
 n - 2 potions of curing {unknown}
 p - 2 potions of cancellation
 q - a potion of resistance {unknown}
 u - a potion of haste
 z - a potion of brilliance {unknown}
 C - a potion of berserk rage
 E - a potion of mutation {unknown}
 F - 11 potions of ambrosia
 G - a potion of attraction {unknown}
 J - a potion of degeneration {unknown}


   Skills:
 + Level 11.3 Fighting
 + Level 15.5 Axes
 + Level 13.9 Armour
 + Level 5.0 Dodging
 + Level 1.7 Stealth


You had 11 spell levels left.
You didn't know any spells.
Your spell library was empty.

Dungeon Overview and Level Annotations

Branches:
Dungeon (12/15)            Temple (0/1) D:5            Lair (0/5) D:11
    Orc (0/2) D:11

Altars:
Elyvilon
Hepliaklqana
Kikubaaqudgha
Okawaru
Qazlal
Sif Muna
Vehumet
Wu Jian
Zin

Shops:
D:9 *

Portals:
Trove: D:12 (show abyssal rune of Zot)

Annotations:
D:11 exclusion: oklob plant


Innate Abilities, Weirdness & Mutations

You have a pair of horns on your head.
You reflexively headbutt those who attack you in melee.


Message History

Sonja is heavily wounded.
You feel extremely sick.
You barely miss Sonja.
Sonja is heavily wounded.
You feel extremely sick. Sonja hits you but does no damage.
You are more poisoned.
Sonja hits you but does no damage.
You are more poisoned.
Sonja hits you but does no damage.
You are more poisoned.
You barely miss Sonja. Your headbutt misses Sonja.
Sonja is heavily wounded.
You feel extremely sick. Sonja barely misses you.
Sonja hits you but does no damage.
You are more poisoned.
Sonja hits you but does no damage.
You are lethally poisoned!
You hit Sonja.
Sonja is almost dead.
You are no longer berserk.
You are exhausted.
You feel as though you will be slow longer.
You feel extremely sick. Sonja misses you. You furiously retaliate!
You headbutt Sonja, but do no damage. Sonja hits you but does no damage.
You are more poisoned.
Sonja hits you but does no damage.
You closely miss Sonja.
Sonja is almost dead.
* * * LOW HITPOINT WARNING * * *
You feel extremely sick.
You kill Sonja!
Trog accepts your kill.
Trog appreciates your killing of a magic user.
* * * LOW HITPOINT WARNING * * *
You feel extremely sick.
There is a stone staircase leading up, spattered with blood here.
Items here: ( ) ? †.
You die...

#......# ...# #......# ...# ..
########......# ... ...
#.............###'###..<
#.......................
#..........................###
#.............................
#.........................####
#............@<.......).
#####...................
#.###########'###... #.# ...
.. #.# ...# . #.# ...# #.#
...# #.# ...# ..#### #.#
...^..


There were no monsters in sight!

Vanquished Creatures
  Erica (D:8)
  3 two-headed ogres
  Sonja (D:12)
  A deep elf pyromancer (D:12)
  2 gargoyles
  A kobold demonologist (D:10)
  An unseen horror (D:11)
  A queen bee (D:11)
  3 trolls
  Grinder (D:4)
  A hornet (D:9)
  A vampire (D:11)
  Eustachio (D:6)
  4 shadows
  29 yaks
  A wraith (D:10)
  2 vampire mosquitoes (D:11)
  An acid dragon (D:9)
  2 orc warriors
  2 ice beasts
  2 black bears
  An ogre (D:5)
  3 centaurs
  4 kobold brigands
  A gnoll sergeant (D:9)
  2 bullfrogs
  3 necrophages
  5 scorpions
  11 wights
  27 killer bees
  10 howler monkeys
  5 orc priests
  2 hounds
  2 jellies (D:6)
  A gnoll bouda (D:6)
  4 iguanas
  Terence (D:2)
  7 orc wizards
  Natasha (thrice) (D:2)
  Robin (D:2)
  6 gnolls
  10 adders
  3 dart slugs
  43 orcs
  6 endoplasms
  3 giant cockroaches
  20 goblins
  7 hobgoblins
  2 jackals (D:3)
  3 quokkas
  6 ball pythons
  10 bats
  A frilled lizard (D:3)
  26 kobolds
  2 rats (D:2)
302 creatures vanquished.

Vanquished Creatures (collateral kills)
  A two-headed ogre (D:11)
1 creature vanquished.

Vanquished Creatures (others)
  Psyche (D:12)
  16 fungi
  5 plants (D:11)
22 creatures vanquished.

Grand Total: 325 creatures vanquished

Notes
Turn   | Place    | Note
-------+----------+-------------------------------------------
     0 | D:1      | mampy3000 the Minotaur Berserker began the quest for the
                  | Orb.
     0 | D:1      | Reached XP level 1. HP: 19/19 MP: 0/0
   223 | D:1      | Reached XP level 2. HP: 27/27 MP: 1/1
   710 | D:2      | Noticed Terence
   724 | D:2      | Killed Terence
   725 | D:2      | Reached skill level 4 in Axes
   725 | D:2      | Reached XP level 3. HP: 17/34 MP: 2/2
   823 | D:2      | Found a faded altar of an unknown god.
  1002 | D:2      | Noticed Robin
  1007 | D:2      | Reached ** piety under Trog
  1015 | D:2      | Reached XP level 4. HP: 41/41 MP: 3/3
  1017 | D:2      | Killed Robin
  1049 | D:2      | Found a radiant altar of Vehumet.
  1074 | D:2      | Noticed Natasha
  1077 | D:2      | Killed Natasha
  1152 | D:2      | Reached skill level 5 in Axes
  1278 | D:2      | Noticed Natasha
  1283 | D:2      | Killed Natasha
  1284 | D:2      | Reached XP level 5. HP: 35/47 MP: 4/4
  1389 | D:2      | Noticed Natasha
  1393 | D:2      | Killed Natasha
  1449 | D:3      | Reached skill level 5 in Fighting
  1854 | D:3      | You fall into a shaft and drop 1 floor!
  1973 | D:3      | Reached *** piety under Trog
  2205 | D:4      | Reached skill level 6 in Axes
  2329 | D:4      | Reached XP level 6. HP: 56/56 MP: 5/5
  2655 | D:4      | Reached skill level 7 in Axes
  2721 | D:4      | Noticed Grinder
  2735 | D:4      | Paralysed by Grinder for 2 turns
  2740 | D:4      | Killed Grinder
  2741 | D:4      | Reached skill level 5 in Armour
  2741 | D:4      | Reached XP level 7. HP: 37/62 MP: 6/6
  3002 | D:4      | Reached skill level 8 in Axes
  3566 | D:5      | Entered Level 5 of the Dungeon
  3600 | D:5      | Found a staircase to the Ecumenical Temple.
  3605 | D:5      | Reached **** piety under Trog
  3855 | D:5      | Reached XP level 8. HP: 65/71 MP: 7/7
  3969 | D:5      | Reached skill level 1 in Stealth
  4119 | D:5      | Reached skill level 9 in Axes
  4907 | D:6      | Found a glowing silver altar of Zin.
  4908 | D:6      | Found a shimmering blue altar of Sif Muna.
  4909 | D:6      | Found an iron altar of Okawaru.
  5183 | D:6      | Reached skill level 10 in Axes
  5272 | D:6      | Noticed Eustachio
  5281 | D:6      | Killed Eustachio
  5282 | D:6      | Reached XP level 9. HP: 79/79 MP: 8/8
  5699 | D:7      | Noticed a gargoyle
  5714 | D:7      | Killed a gargoyle
  6026 | D:7      | Reached skill level 11 in Axes
  6067 | D:7      | Found a white marble altar of Elyvilon.
  6305 | D:7      | Found a flagged portal.
  6438 | D:7      | Found an ornate altar of the Wu Jian Council.
  6786 | D:8      | Noticed a two-headed ogre
  6797 | D:8      | Killed a two-headed ogre
  6798 | D:8      | Reached skill level 12 in Axes
  6798 | D:8      | Reached XP level 10. HP: 88/88 MP: 6/9
  6915 | D:8      | Noticed Erica
  6928 | D:8      | Killed Erica
  6929 | D:8      | Reached skill level 10 in Armour
  7694 | D:9      | Noticed a two-headed ogre
  7711 | D:9      | Killed a two-headed ogre
  7712 | D:9      | Reached skill level 13 in Axes
  7834 | D:9      | Found Zyah's Assorted Antiques.
  7841 | D:9      | Found an ancient bone altar of Kikubaaqudgha.
  7853 | D:9      | Found a stormy altar of Qazlal.
  7879 | D:9      | Bought a scroll labelled LET KYG USESCH for 19 gold pieces
  8869 | D:10     | Entered Level 10 of the Dungeon
  8886 | D:10     | Reached XP level 11. HP: 97/97 MP: 7/10
  9087 | D:10     | Noticed a sixfirhy
  9439 | D:10     | Reached skill level 14 in Axes
  9527 | D:10     | Found a hazy altar of Hepliaklqana.
  9771 | D:11     | Noticed an oklob plant
  9817 | D:11     | Reached skill level 10 in Fighting
  9860 | D:11     | Found a staircase to the Orcish Mines.
  9944 | D:11     | Noticed a two-headed ogre
  9964 | D:11     | Killed a two-headed ogre
 10063 | D:11     | Noticed a two-headed ogre
 10078 | D:11     | Killed a two-headed ogre
 10450 | D:11     | Reached skill level 15 in Axes
 10894 | D:11     | Found a staircase to the Lair.
 10957 | D:12     | Found a portal to a secret trove of treasure.
 10998 | D:12     | Noticed a deep elf pyromancer
 11006 | D:12     | Killed a deep elf pyromancer
 11023 | D:12     | Reached XP level 12. HP: 64/110 MP: 7/11
 11128 | D:12     | Noticed Psyche
 11146 | D:12     | Killed Psyche
 11172 | D:12     | Reached skill level 5 in Dodging
 11346 | D:12     | Noticed Sonja
 11379 | D:12     | Killed Sonja
 11381 | D:12     | Succumbed to Sonja's poison

Illustrated notes

Levels and vault maps discovered:
D:1:      kilobyte_arrival_exit_the_forest, layout_rooms
D:2:      layout_rooms, basic_altar, ebering_ecumenical_altar_hall,
          patterned_corridor, uniq_crazy_yiuf_cottage, uniq_robin, uniq_natasha,
          uniq_terence
D:3:      layout_basic, nrook_mini_backslash, serial_park_tiny_2
D:4:      old_forge, layout_basic, columned_hall_lemuel, uniq_grinder
D:5:      layout_gridville, temple_statues, kennysheep_generic_room_8
D:6:      layout_loops_corners, chequers_temple_overflow_statue_of_worship,
          minivault_10, uniq_eustachio
D:7:      layout_gridville, mainiacjoe_overflow_concentric_impassable,
          lemuel_doored_altar, chequers_ossuary_entry_cave, enter_bailey_4
D:8:      layout_basic, solitary_fountain, uniq_erica
D:9:      layout_irregular_city, jmf_multi_god_temple, serial_shops, shop,
          dreamdust_mushroom_princess
D:10:     nicolae_cairo_tiling_very_big, layout_rooms,
          worldfamousw_hep_ancestral_shrine, serial_park_tiny_1
D:11:     layout_roguey [special_room_bee], dpeg_oklobed_lair
D:12:     layout_irregular_city, nicolae_trove_entry_crystal,
          kennysheep_generic_room_2, uniq_psyche, uniq_sonja, uniq_lodul

Skill      XL: |  1  2  3  4  5  6  7  8  9 10 11 12 |
---------------+-------------------------------------+-----
Fighting       | 4 5 6 7 8 9 11 | 11.3
Axes           | 4 5 6 7 8 10 12 13 15 | 15.5
Armour         | 3 5 7 9 11 13 | 13.9
Dodging        | 3 4 5 |  5.0
Stealth        | 1 |  1.7

Action                   |  1- 3 |  4- 6 |  7- 9 | 10-12 || total
-------------------------+-------+-------+-------+-------++-------
Melee: Hand axe          |    68 |   141 |   246 |   372 ||   827
       Headbutt          |     8 |    27 |    48 |    68 ||   151
       Punch             |       |     4 |     3 |     6 ||    13
Invok: Berserk           |     2 |     4 |     4 |    16 ||    26
       Trog's Hand       |       |     1 |     1 |     2 ||     4
       Brothers in Arms  |       |       |       |     1 ||     1
Evoke: Wand              |       |       |       |     2 ||     2
  Use: Scroll            |     3 |     5 |     6 |    10 ||    24
       Potion            |       |     1 |       |     1 ||     2
 Stab: Held in net/web   |       |     1 |       |       ||     1
Armor: Chain mail        |    41 |    70 |   102 |   214 ||   427
       Skin              |       |       |       |    17 ||    17
Dodge: Dodged            |    31 |    57 |    87 |   181 ||   356
       Repelled          |       |       |       |     2 ||     2

Table legend: (Time is in decaauts)
 A = Elapsed time spent in this place.
 B = Non-inter-level travel time spent in this place.
 C = Inter-level travel time spent in this place.
 D = Time resting spent in this place.
 E = Time spent auto-exploring this place.
 F = Levels seen in this place.
 G = Mean time per level.
                   A        B        C        D        E       F      G
               +--------+--------+--------+--------+--------+-----+--------+
         Total |  11443 |  10998 |    445 |      0 |   8553 |  12 |  953.6 |
       Dungeon |  11443 |  10998 |    445 |      0 |   8553 |  12 |  953.6 |
               +--------+--------+--------+--------+--------+-----+--------+

Top non-repeatable levels by time:
     D:4: 1400 daAuts
     D:9: 1287 daAuts
     D:6: 1182 daAuts
    D:11: 1160 daAuts
     D:7: 1027 daAuts
     D:8: 927 daAuts
    D:10: 911 daAuts
     D:5: 887 daAuts
     D:3: 775 daAuts
     D:2: 727 daAuts
     D:1: 706 daAuts
    D:12: 450 daAuts
